 Dungeon Crawl Stone Soup version 0.19-a0-1568-gdd01aac (webtiles) character file.

297 Amnesiac the Digger (level 6, -2/41 HPs)
             Began as a Mummy Earth Elementalist on Sept 15, 2016.
             Slain by a gnoll
             ... wielding a +0 spear
              (3 damage)
             ... on level 5 of the Dungeon.
             The game lasted 00:08:11 (2819 turns).

Amnesiac the Digger (Mummy Earth Elementalist)      Turns: 2819, Time: 00:08:11

Health: -2/41      AC:  5    Str: 11    XL:     6   Next: 12%
Magic:  9/9        EV:  6    Int: 16    God:
Gold:   39         SH:  0    Dex: 13    Spells: 3 memorised, 3 levels left

rFire  x . .     SeeInvis .     b - +1 falchion (flame)
rCold  + . .     Gourm    .     c - +0 robe
rNeg   + + +     Faith    .     (no shield)
rPois  ∞         Spirit   .     j - +2 hat
rElec  .         Dismiss  .     o - +0 cloak
rCorr  .         Reflect  .     (no gloves)
MR     .....     Harm     .     (no boots)
Stlth  ++........               k - amulet of magic regeneration
                                (no ring)
                                (no ring)

@: held
A: no food or potions, fire vulnerability, cold resistance 1, negative energy
resistance 3, torment resistance, unbreathing
a: no special abilities


You were on level 5 of the Dungeon.
You were not hungry.

You visited 1 branch of the dungeon, and saw 5 of its levels.

You collected 39 gold pieces.

Inventory:

Hand Weapons
 a - a +1 dagger of flaming
 b - a +1 falchion of flaming (weapon)
 g - a +0 dagger of pain
 l - a +0 flail of draining
Missiles
 n - 7 stones (quivered)
Armour
 c - a +0 robe (worn)
 j - a +2 hat (worn)
 o - a +0 cloak (worn)
Jewellery
 k - an amulet of magic regeneration (around neck)
Scrolls
 e - 2 scrolls of identify {unknown}
 f - 2 scrolls of enchant armour {unknown}
 h - a scroll of fear {unknown}
 m - a scroll of immolation {unknown}
Books
 d - a book of Geomancy

   Spells                             Type                      Level
   a - Sandblast                      Earth                        1
   b - Passwall                       Transmutation/Earth          2
   c - Stone Arrow                    Conjuration/Earth            3
   d - Petrify                        Transmutation/Earth          4
   e - Lee's Rapid Deconstruction     Earth                        5


   Skills:
 - Level 1.5 Dodging
 - Level 1.5 Stealth
 - Level 2.0 Spellcasting
 - Level 0.7 Transmutations
 + Level 5.7 Earth Magic


You had 3 spell levels left.
You knew the following spells:

 Your Spells              Type           Power        Failure   Level  Hunger
f - Stone Arrow           Conj/Erth      ##....       21%         3    N/A
v - Passwall              Tmut/Erth      ##........   10%         2    N/A
z - Sandblast             Erth           ###...       1%          1    N/A

Dungeon Overview and Level Annotations

Branches:
Dungeon (5/15)
 Temple: D:4-7

Altars:
Trog

Shops:
D:4 (


Innate Abilities, Weirdness & Mutations

You do not eat or drink.
Your flesh is vulnerable to fire.
You are immune to poison.
Your flesh is cold resistant. (rC+)
You are immune to negative energy. (rN+++)
You are immune to unholy pain and torment.
You can survive without breathing.


Message History

The gnoll throws a throwing net.
The throwing net hits you.
You become entangled in the net!
The gnoll sergeant hits you with a spear!
The gnoll hits you but does no damage.
There is a stone staircase leading up here.
You see here a throwing net.
Unknown command.
You struggle against the net.
The gnoll sergeant hits you with a spear.
The gnoll hits you!
* * * LOW HITPOINT WARNING * * *
The gnoll hits you from afar with a spear.
* * * LOW HITPOINT WARNING * * *
Unknown command.
You tear a large gash into the net.
The gnoll sergeant barely misses you.
You riposte.
You barely miss the gnoll sergeant. The gnoll barely misses you.
You riposte.
You hit the gnoll. You burn the gnoll.
The gnoll is lightly wounded.
The gnoll hits you from afar with a spear.
You die...

....... ......
..... #...#
#.(.# #...#
#..g# #.g@#
#...# #
##g####.#
#.......#
.######....##.#
................
..#####.##g.....
#......#....
#..###.#.#.#


You could see a gnoll sergeant and 2 gnolls.

Vanquished Creatures
  Crazy Yiuf (D:4)
  A centaur skeleton (D:4)
  A hound (D:4)
  Jessica (D:2)
  2 worker ants (D:4)
  3 hound skeletons
  Robin (D:3)
  2 gnolls
  2 adders
  An ooze (D:4)
  A worm (D:2)
  A dart slug (D:2)
  2 leopard geckos
  3 orcs
  3 giant cockroaches
  9 goblins
  5 hobgoblins (D:2)
  A quokka (D:4)
  3 bats
  2 frilled lizards (D:2)
  2 rats (D:2)
47 creatures vanquished.

Notes
Turn   | Place    | Note
-------+----------+-------------------------------------------
     0 | D:1      | Amnesiac the Mummy Earth Elementalist began the quest for the Orb.
     0 | D:1      | Reached XP level 1. HP: 13/13 MP: 3/3
    76 | D:3      | Noticed Robin
   478 | D:2      | Noticed Jessica
   481 | D:2      | Killed Jessica
   481 | D:2      | Reached skill level 3 in Earth Magic
   481 | D:2      | Reached XP level 2. HP: 19/19 MP: 1/5
   481 | D:2      | Reached XP level 3. HP: 24/24 MP: 1/6
   542 | D:2      | Found a bloodstained altar of Trog.
  1146 | D:2      | Reached skill level 4 in Earth Magic
  1193 | D:2      | Reached XP level 4. HP: 29/30 MP: 0/7
  1289 | D:3      | Killed Robin
  1385 | D:4      | Found a runed door.
  1616 | D:4      | Found Jitinneo's Weapon Shop.
  1636 | D:4      | Reached XP level 5. HP: 10/35 MP: 8/8
  1639 | D:4      | Reached skill level 5 in Earth Magic
  1904 | D:4      | Learned a level 2 spell: Passwall
  1908 | D:4      | Learned a level 3 spell: Stone Arrow
  2449 | D:4      | Noticed Crazy Yiuf
  2544 | D:4      | Killed Crazy Yiuf
  2647 | D:5      | Entered Level 5 of the Dungeon
  2652 | D:5      | Reached XP level 6. HP: 41/41 MP: 2/9
  2818 | D:5      | HP: 1/41 [gnoll/spear (6)]
  2819 | D:5      | Slain by a gnoll

Vault maps used:
D:1:      dpeg_arrival_short_road
D:2:      elyvilon_altar_3, grunt_temple_overflow_open, trog_butcher_becter,
          uniq_jessica
D:3:      lemuel_round_altar, minmay_stone_trees_large, uniq_sigmund,
          uniq_robin, uniq_iyjb
D:4:      wad_pebble_path, first_bread, serial_shops, nicolae_shop_trees,
          uniq_crazy_yiuf_cottage
D:5:      lemuel_insect_pit, nicolae_tso_swordbearing_angel

Skill      XL: |  1  2  3  4  5 |
---------------+----------------+-----
Earth Magic    | 3 4 5 |  5.7
Dodging        | |  1.5
Stealth        | |  1.5
Spellcasting   | |  2.0
Transmutations | |  0.7

Action                   |  1- 3 |  4- 6 || total
-------------------------+-------+-------++-------
Melee: Dagger            |    13 |       ||    13
       Falchion          |       |    82 ||    82
 Cast: Sandblast         |    39 |     7 ||    46
       Stone Arrow       |       |    12 ||    12
Armor: Robe              |     4 |    12 ||    16
Dodge: Dodged            |    39 |    54 ||    93
